Map: Blackpink LE

Players

Gerald - Winner!

  • Race: Protoss Protoss
  • Spawn Location: 7:00

NightEnD

  • Race: Protoss Protoss
  • Spawn Location: 1:00

Event: WCS Leipzig 2018

VOD

Have the link to the VOD?

Description

Time

  • Played on: Jan. 26, 2018, 6:43 a.m.
  • Length: 2:22

All games in this series

Show
View Real Time Build Order
Export as new Build Order

Gerald Protoss - Winner!

Build Orders:  

Get SALT Encoding   

  12  0:03  Probe  
  13  0:15  Probe  
  13  0:19  Pylon  
  14  0:27  Probe (Chrono Boost)  
  15  0:39  Probe (Chrono Boost)  
  15  0:40  Forge  
  16  0:44  Probe (Chrono Boost)  
  17  0:53  Probe  
  18  1:26  Pylon x2  
  18  1:28  Pylon  
  18  1:29  Pylon  
  18  1:32  Probe  
  19  1:44  Photon Cannon  
  19  1:45  Photon Cannon  
  19  1:52  Gateway  
  19  1:58  Pylon  
  19  2:02  Photon Cannon  
  19  2:19  Photon Cannon  
Show
View Real Time Build Order
Export as new Build Order

NightEnD Protoss 

Build Orders:  

Get SALT Encoding   

  12  0:00  Probe  
  13  0:12  Probe  
  14  0:19  Pylon  
  14  0:24  Probe  
  15  0:37  Probe (Chrono Boost)  
  15  0:39  Gateway  
  16  0:48  Probe (Chrono Boost)  
  16  0:49  Assimilator  
  17  0:52  Probe (Chrono Boost)  
  18  0:57  Assimilator  
  18  1:03  Probe  
  19  1:14  Gateway  
  19  1:15  Probe  
  20  1:27  Probe  
  21  1:33  Pylon  
  21  1:34  Zealot (Chrono Boost)  
  23  1:53  Zealot  
Tags
 
Add a new tag
Caveats
  • Supply blocks, unpowered buildings, or Contaminate may cause inaccurate times.
  • Supply counts are checked every 10 seconds.